 Dungeon Crawl Stone Soup version 0.29-a0-23-ga79f92ac9c (webtiles) character file.

Game seed: 16987527940218436818

106 kurotresina the Covered (level 4, 0/41 HPs)
             Began as a Minotaur Fighter on Jan 30, 2022.
             Slain by an iguana (7 damage)
             ... on level 4 of the Dungeon.
             The game lasted 00:07:11 (1522 turns).

kurotresina the Covered (Minotaur Fighter)          Turns: 1522, Time: 00:07:11

Health: 0/41       AC:  7    Str: 21    XL:     4   Next: 55%
Magic:  3/3        EV:  9    Int:  5    God:
Gold:   24         SH:  4    Dex: 11    Spells: 3/3 levels left

rFire   . . .      SeeInvis .   a - +0 flail
rCold   . . .      Faith    .   c - +0 buckler
rNeg    . . .      Spirit   .   b - +0 scale mail
rPois   .          Reflect  .   (helmet restricted)
rElec   .          Harm     .   (no cloak)
rCorr   .          Rampage  .   (no gloves)
Will    .....                   (no boots)
Stlth   ..........              (no amulet)
HPRegen 0.13/turn               (no ring)
MPRegen 0.08/turn               (no ring)

@: no status effects
A: horns 2, retaliatory headbutt
a: no special abilities


You were on level 4 of the Dungeon.
You visited 1 branch of the dungeon, and saw 3 of its levels.

You collected 24 gold pieces.

Inventory:

Hand Weapons
 a - a +0 flail (weapon)
Missiles
 e - 5 datura-tipped darts
 g - 22 bolts
 j - 6 poisoned darts (quivered)
Armour
 b - a +0 scale mail (worn)
 c - a +0 buckler (worn)
Scrolls
 h - a scroll of enchant armour {unknown}
 k - a scroll of holy word
Potions
 d - a potion of might
 f - a potion of mutation {unknown}


   Skills:
 + Level 4.3 Fighting
 + Level 3.7 Maces & Flails
 + Level 4.7 Armour
 + Level 0.4 Dodging
 + Level 0.2 Stealth
 + Level 4.1 Shields


You had 3 spell levels left.
You didn't know any spells.
Your spell library was empty.

Dungeon Overview and Level Annotations

Branches:
Dungeon (2/15)

Altars:

Shops:
D:1 *[[


Innate Abilities, Weirdness & Mutations

You have a pair of horns on your head.
You reflexively headbutt those who attack you in melee.


Message History

You feel sick.
The adder skeleton bites you but does no damage. x2
You sock the adder skeleton!
You destroy the adder skeleton!
You feel sick.
An adder comes into view.
You feel sick.
You are no longer poisoned.
The adder hisses angrily.
The adder moves out of view.
You see here a +0 short sword.
You block the adder's attack.
You miss the adder. You block the adder's attack. The adder bites you.
* * * LOW HITPOINT WARNING * * *
You closely miss the adder. The adder barely misses you.
The adder bites you but does no damage.
You sock the adder!
You kill the adder!
A ball python comes into view.
The ball python hisses angrily.
Found a flail.
You see here a scroll labelled ROSESI HIYSUO.
The ball python bites you but does no damage.
The ball python grabs you. The ball python constricts you.
* * * LOW HITPOINT WARNING * * *
You sock the ball python!
You kill the ball python!
h - a scroll labelled ROSESI HIYSUO
Found a stone staircase leading down.
An iguana comes into view.
Found a flail and 9 gold pieces.
You see here a +0 short sword.
An iguana is nearby!
An iguana is nearby!
An iguana is nearby!
An iguana is nearby!
You hit the iguana. You headbutt the iguana.
The iguana is heavily wounded.
The iguana bites you!
You die...

............# ............#
..).........# ..).........#
########## ............###
..........
..............#########..........
...........#.........#...S.......
...##.....###...####.#.### ##..
########### ###.@l.......#####...
####.....).........
#....†..........
#...####......... .......#
###........ .....######..........
.###. .............. ##
....#.#........ ...............


You could see an iguana.

Vanquished Creatures
  A scorpion (D:4)
  An adder (D:4)
  An adder skeleton (D:4)
  2 dart slugs (D:1)
  An orc (D:4)
  A bat (D:1)
  4 giant cockroaches
  3 goblins
  5 hobgoblins
  2 ball pythons
  3 frilled lizards (D:1)
  2 kobolds (D:1)
  A rat (D:1)
27 creatures vanquished.

Vanquished Creatures (others)
  7 toadstools (D:1)
7 creatures vanquished.

Grand Total: 34 creatures vanquished

Notes
Turn   | Place    | Note
-------+----------+-------------------------------------------
     0 | D:1      | kurotresina the Minotaur Fighter began the quest for the
                  | Orb.
     0 | D:1      | Reached XP level 1. HP: 19/19 MP: 0/0
   125 | D:1      | Reached XP level 2. HP: 25/27 MP: 1/1
   174 | D:1      | Found a faded altar of an unknown god.
   188 | D:1      | Found Ylay's Armour Shoppe.
   249 | D:1      | Found Aziame's Assorted Antiques.
   522 | D:1      | Found Pih Duer's Antique Armour Emporium.
  1401 | D:2      | You fall into a shaft and drop 2 floors!
  1412 | D:4      | Reached XP level 3. HP: 33/33 MP: 2/2
  1451 | D:4      | Noticed a scorpion
  1464 | D:4      | Killed a scorpion
  1465 | D:4      | Reached XP level 4. HP: 8/41 MP: 3/3
  1474 | D:4      | HP: 1/41 [adder (4)]
  1522 | D:4      | Slain by an iguana

Illustrated notes

Levels and vault maps discovered:
D:1:      nagdon_arrival_double_spiral, layout_basic, serial_shops, shop_statue,
          nicolae_diamond_shop, nicolae_shop_temple_entry_statues_fountains,
          chequers_ecumenical_altar_island, kennysheep_flooded_box,
          hangedman_decor_lopped, chequers_arboretum
D:2:      layout_rooms, serial_shops, nicolae_square_shop
D:4:      layout_rooms, old_standard_altar

Skill      XL: |  1  2  3 |
---------------+----------+-----
Fighting       | 4 |  4.3
Armour         | 4 |  4.7
Maces & Flails | 3 |  3.7
Shields        | 4 |  4.1
Dodging        | |  0.4
Stealth        | |  0.2

Action                   |  1- 3 |  4- 6 || total
-------------------------+-------+-------++-------
Melee: Flail             |    67 |     7 ||    74
       Headbutt          |     8 |     1 ||     9
  Use: Scroll            |     4 |       ||     4
Armor: Scale mail        |    37 |     4 ||    41
Dodge: Dodged            |    27 |     1 ||    28
Block: Buckler           |    12 |     2 ||    14

Table legend: (Time is in decaauts)
 A = Elapsed time spent in this place.
 B = Non-inter-level travel time spent in this place.
 C = Inter-level travel time spent in this place.
 D = Time resting spent in this place.
 E = Time spent auto-exploring this place.
 F = Levels seen in this place.
 G = Mean time per level.
                   A        B        C        D        E       F      G
               +--------+--------+--------+--------+--------+-----+--------+
         Total |   1546 |   1546 |      0 |    500 |    327 |   3 |  515.3 |
       Dungeon |   1546 |   1546 |      0 |    500 |    327 |   3 |  515.3 |
               +--------+--------+--------+--------+--------+-----+--------+

Top non-repeatable levels by time:
     D:1: 1325 daAuts
     D:4: 127 daAuts
     D:2: 93 daAuts
